AoeStats
← Chicle

MegaRandom

507119729Analyzed
4v4 RM · 15d ago on Sep 16, 2026· 71m 25s· 8 players
Game mode
Random Map
Map size
Large (8 player)
Population
200
Speed
Normal
Resources
Standard
Victory
Conquest
Starting age
Dark Age
Ending age
Imperial Age
RankedLock teamsTeams togetherTeam positionsShared explorationLock speedFull tech treeHidden civsTurbo modeCheats
Victory
Defeat
🇲🇽 Khmer · Mexico
1197
+16
🇺🇾 Mongols · Uruguay
1190
+17
🇹🇷 Koreans · Türkiye
1184
+17
🇧🇪 Lithuanians · Belgium
1177
+17
🇵🇱 Franks · Poland
1228
-18
🇹🇷 Hindustanis · Türkiye
1227
-18
🇵🇱 Persians · Poland
1184
-16
🇪🇸 Malians · Spain
1166
-15
TacoLgando
0:27 Loom
12:24 Feudal Age
17:27 Castle Age
17:07 Double-Bit Axe
17:28 Horse Collar
18:23 Forging
19:01 Scale Barding Armor
20:54 Wheelbarrow
20:58 Light Cavalry
21:48 Bloodlines
23:15 Bloodlines
23:06 Husbandry
23:41 Bow Saw
23:33 Heavy Plow
24:14 Town Watch
25:46 Chain Barding Armor
29:23 Hand Cart
29:08 Town Patrol
33:51 Imperial Age
32:01 Iron Casting
31:26 Scale Mail Armor
31:34 Fletching
36:11 Chemistry
35:31 Ballistics
35:51 Crop Rotation
38:01 Heavy Scorpion
40:01 Gold Mining
40:02 Stone Mining
44:08 Double Crossbow
44:29 Conscription
44:14 Double Crossbow
44:35 Hussar
46:59 Murder Holes
48:11 Capped Ram
53:55 Elite Ballista Elephant
63:28 Siege Ram
70:00 Medium Warships
71:07 Heavy Warships
in'Thomas
0:31 Loom
11:59 Feudal Age
12:33 Double-Bit Axe
12:41 Gold Mining
16:25 Castle Age
15:20 Fletching
15:27 Stone Mining
16:26 Wheelbarrow
15:36 Town Watch
17:18 Bodkin Arrow
17:39 Medium Warships
17:44 Bow Saw
21:03 Hand Cart
21:53 Ballistics
25:39 Stone Mining
31:34 Imperial Age
32:22 Careening
32:22 Bracer
32:28 Horse Collar
33:34 Dry Dock
34:11 Heavy Warships
Crucio
11:47 Feudal Age
15:42 Castle Age
14:13 Double-Bit Axe
15:22 Scale Mail Armor
15:38 Forging
30:30 Gambesons
36:48 Horse Collar
42:01 Wheelbarrow
42:04 Bow Saw
41:56 Heavy Plow
44:43 Hand Cart
44:50 Stone Mining
44:33 Pikeman
48:14 Gold Mining
52:53 Imperial Age
54:49 Chemistry
54:30 Caravan
55:25 Elite Turtle Ship
Chicle
0:29 Loom
10:19 Feudal Age
15:57 Castle Age
14:26 Stone Mining
14:23 Double-Bit Axe
14:21 Horse Collar
17:01 Bow Saw
17:36 Heavy Plow
23:57 Fletching
26:21 Wheelbarrow
31:05 Stone Shaft Mining
30:53 Gold Mining
34:38 Imperial Age
32:26 Hand Cart
31:56 Town Watch
32:28 Bodkin Arrow
33:00 Ballistics
34:20 Gold Shaft Mining
34:48 Padded Archer Armor
35:09 Town Patrol
35:05 Elite Mangudai
36:06 Conscription
35:49 Bracer
38:09 Nomads
38:39 Onager
39:57 Leather Archer Armor
40:49 Chemistry
39:55 Siege Engineers
49:52 Drill
64:36 Medium Warships
65:42 Clinker Construction
65:42 Careening
65:53 Shipwright
65:40 Siphons
66:06 Heavy Warships
68:43 Husbandry
El Jonan de Baraka
1:43 Loom
12:48 Feudal Age
13:17 Town Watch
14:12 Fishing Lines
14:44 Gold Mining
15:31 Double-Bit Axe
15:50 Fletching
18:29 Castle Age
16:38 Scale Mail Armor
18:29 Wheelbarrow
20:56 Hand Cart
20:59 Bow Saw
21:21 Medium Warships
20:32 Demolition Ship
33:28 Horse Collar
36:40 Tigui
39:02 Heavy Plow
42:26 Imperial Age
41:00 Stone Mining
42:19 Gillnets
42:46 Caravan
42:44 Treadmill Crane
43:25 Ballistics
42:49 Treadmill Crane
44:16 Conscription
44:49 Hoardings
44:18 Heated Shot
45:29 Chemistry
47:10 Forging
47:08 Scale Barding Armor
47:04 Padded Archer Armor
49:39 Squires
49:25 Arson
50:57 Pikeman
wiesiek
12:01 Feudal Age
12:39 Double-Bit Axe
12:39 Fishing Lines
18:49 Castle Age
19:36 Medium Warships
19:38 Gillnets
20:56 Wheelbarrow
20:24 Loom
22:18 Bow Saw
22:15 Gold Mining
25:59 Siphons
26:12 Careening
26:14 Clinker Construction
28:10 Ballistics
29:51 Wheelbarrow
35:27 Imperial Age
34:28 Hand Cart
35:30 Fletching
38:10 Heavy Warships
38:23 Dry Dock
39:03 Bodkin Arrow
45:08 Two-Man Saw
49:43 Carvel Hull
53:49 Chemistry
zeron
0:36 Loom
9:30 Feudal Age
14:00 Castle Age
12:43 Double-Bit Axe
13:29 Horse Collar
14:53 Bow Saw
23:26 Scale Barding Armor
24:41 Husbandry
24:52 Bloodlines
25:41 Town Watch
26:32 Wheelbarrow
28:15 Scale Mail Armor
28:32 Forging
29:46 Gold Mining
29:46 Stone Mining
34:20 Imperial Age
33:40 Chain Barding Armor
33:56 Iron Casting
33:34 Heavy Plow
34:30 Gold Shaft Mining
34:31 Stone Shaft Mining
38:14 Plate Barding Armor
38:41 Blast Furnace
37:32 Fletching
38:32 Medium Warships
38:34 Caravan
40:49 Two-Man Saw
39:35 Heavy Camel Rider
40:20 Scale Mail Armor
41:21 Bodkin Arrow
41:27 Padded Archer Armor
41:42 Clinker Construction
41:45 Careening
41:45 Siege Engineers
42:11 Ballistics
42:51 Chemistry
42:05 Masonry
43:00 Heavy Warships
43:06 Ballistics
43:56 Elite Cannon Galleon
45:03 Hand Cart
44:49 Town Patrol
45:13 Conscription
44:57 Grand Trunk Road
47:09 Bracer
47:25 Leather Archer Armor
50:59 Ring Archer Armor
52:49 Carvel Hull
52:18 Imperial Camel Rider
Duchu
10:27 Feudal Age
11:03 Loom
14:30 Fishing Lines
20:53 Castle Age
20:34 Double-Bit Axe
22:49 Stone Mining
23:26 Gold Mining
33:11 Gillnets
34:16 Gold Shaft Mining
33:54 Bow Saw
40:40 Imperial Age
38:15 Husbandry
38:59 Scale Barding Armor
41:21 Forging
42:48 Wheelbarrow
41:59 Town Watch
42:21 Cavalier
46:37 Hand Cart
48:01 Pikeman
51:27 Chain Barding Armor
51:43 Iron Casting
Connection lost

Rejoining the realm…

Still unreachable

The connection could not be restored.

Session expired

The server has moved on; the page needs a fresh start.